Merrem, chaotic female elven Priestess -...-- -f....-- .h@....- ..---...-- - --..[<| |.....- --.|.^ ----- Merrem the Acolyte Experience level: 5 Strength: 10 Dexterity: 11 Constitution: 13 Intelligence: 10 Wisdom: 17 Charisma: 15 Health: 0(32) Energy: 82(82) Def: 8 Gold: 381 Moves: 3379 Dungeon seed: 1IUEjQBIZAqkjVff Game ID: Merrem_1614026849 Your Inventory: Coins $ - 381 gold pieces Weapons a - a blessed +1 mace (weapon in hand) l - a +0 arrow u - 5 +0 darts (in quiver) B - 7 +0 shuriken H - 3 +0 daggers Armor e - a blessed +0 robe (being worn) n - a +0 small shield (being worn) y - a +0 pair of gauntlets of dexterity (being worn) z - a blessed +1 leather armor (being worn) N - a +0 orcish helm (being worn) Comestibles c - 2 cloves of garlic d - a sprig of wolfsbane F - a melon Scrolls C - a cursed scroll of blank paper Spellbooks f - a spellbook of extra healing g - a spellbook of stone to flesh Potions b - 4 potions of holy water Rings t - a ring of poison resistance (on left hand) Tools h - a magic marker (0:75) i - a bell x - a partly used tallow candle (lit) (0:186) A - a tin whistle E - a +0 pick-axe Gems q - a worthless piece of white glass Spells and supernatural/magical abilities: Name Level Category Fail Memory x - extra healing 3 healing 87% 84% S - stone to flesh 3 healing 90% 84% W - pray for help -- divine ? -- X - turn undead -- divine ? -- Your skills at the end: Fighting Skills Weapon Skills mace [Basic] Spellcasting Skills clerical spells [Basic] Final Attributes: You were piously aligned. You were sleep resistant. You were poison resistant. You had infravision. You are dead. Vanquished creatures: a fog cloud 2 shriekers a gnome lord 3 dwarves a kobold lord a rabid rat 2 iguanas 2 coyotes a gas spore a hobgoblin a giant rat a cave spider 2 yellow molds a red mold 2 gnomes a gnome zombie 3 geckos 3 jackals a fox 2 goblins 13 grid bugs 5 lichens a kobold zombie 8 newts 59 creatures vanquished. Voluntary challenges: You had been an atheist until turn 3061. You used a wielded weapon 72 times, starting on turn 118. You read items or engraved 1 time, starting on turn 576. You never genocided any monsters. You never polymorphed an object. You never changed form. You used no wishes. You never split a pudding. You never wrote Elbereth's name. You never violated your personal moral code. Dungeon overview: The Dungeons of Doom: levels 1 to 4 Level 1 a sink a long staircase Level 2 Level 3 some fountains Level 4 a general store, some fountains stairs to The Gnomish Mines The Gnomish Mines: Level 5 <- You were here stairs to The Dungeons of Doom History has recorded: On T:1 you entered the Dungeons of Doom to retrieve the Amulet of Yendor! On T:697 you reached level 2 of The Dungeons of Doom. On T:1007 you advanced to experience level 2. On T:1366 you advanced to experience level 3. On T:1561 you reached level 3 of The Dungeons of Doom. On T:2017 you reached level 4 of The Dungeons of Doom. On T:2169 you advanced to experience level 4. On T:2899 you advanced to experience level 5. On T:3327 you reached level 1 of The Gnomish Mines. Score breakdown: Gold: 381 ( 8783 points) Experience: 5 levels (11141 points) Exploration: 5 levels ( 10.20%) ( 8660 points) Discoveries: 6 items ( 2.09%) ( 4337 points) Valuables value: (no points given unless you survive) Artifact value: 0 ( 0 points) Variety of kills: 24 monsters ( 6.30%) ( 7529 points) Turncount: 3379 turns ( -775 points) Survival: died (score multiplied by 80%) Total score: 31740 Latest messages: Your candle's flame burns brightly! You displace your kitten. The gnome wields a dagger! You kill the gnome! You see here 3 daggers. You have a little trouble lifting H - 3 daggers. Your movements are slowed slightly because of your load. The dwarf king wields a dagger! The dagger welds itself to the dwarf king's hand! You hit the dwarf king! You miss the dwarf king. The dwarf king thrusts his dagger. The dwarf king hits! The dwarf king thrusts his dagger. The dwarf king hits! You hit the dwarf king! The dwarf king thrusts his dagger. The dwarf king hits! The dwarf king thrusts his dagger. The dwarf king hits! You die... Final status: Goodbye Merrem the Priestess, killed by a dwarf king... You died in The Gnomish Mines on dungeon level 5 with 31740 points, and 381 pieces of gold, after 3379 moves. You were level 5 with a maximum of 32 hit points when you died.